Cogmind - Beta 10.2 @@@ ROGUE MODE // 2022.03.10 @ 02:41:05 Player: Yanche Result: Destroyed by G-47 Trooper with Particle Gun Performance ------------- Evolutions (2) 1000 Regions Visited (6) 1200 Robots Destroyed (79) 395 Value Destroyed (1650) 1650 Prototype IDs (8) 160 Alien Tech Used (0) 0 Bonus (93) 93 TOTAL SCORE: 4498 Bonus ------- High Alert Combat Kills 173 Follower Combat Kills 241 Aligned with FarCom 300 Friendly Fire -621 Cogmind --------- Core Integrity 0/550 Matter 281/300 Energy 280/280 System Corruption 3% Temperature Cool (496) Movement Rolling (120) Ox3 Location -8/Storage Parts ------- > --- POWER (2) -------- Heavy Ion Engine > --- PROPULSION (2) --- Armored Wheel > --- UTILITY (4) ------ High-capacity Storage Unit Advanced Signal Interpreter Targeting Computer > --- WEAPON (3) ------- (None) > --- INVENTORY (12) --- Heavy Ion Engine Wheel Improved Heat Sink Terrain Scan Processor Peak State ------------ > --- POWER ------------ Improved Ion Engine Improved Deuterium Engine > --- PROPULSION ------- Wheel Armored Wheel > --- UTILITY ---------- Large Storage Unit Improved Terrain Scanner Cloak of Protection Drone Bay > --- WEAPON ----------- Particle Gun Heavy Assault Rifle Advanced Assault Cannon > --- INVENTORY -------- Wheel Compact Wheel High-capacity Matter Pod Dynamic Insulation System Light Cannon Grenade Launcher Remote Datajack [Rating: 34] Favorites ----------- Power Improved Deuterium Engine Engine Improved Deuterium Engine Power Core Light Nuclear Core Propulsion Wheel Wheel Wheel Utility Improved Terrain Scanner Device Improved Terrain Scanner Storage Large Storage Unit Processor Targeting Computer Weapon Light Assault Rifle Energy Gun Particle Gun Ballistic Gun Light Assault Rifle Ballistic Cannon Advanced Assault Cannon Launcher Grenade Launcher Special Weapon Mining Laser Build | -11 -10 -10 -10 -9 -8 -8 ------- Run | Scr Mat Min Exi Min Mat Sto Slots Evolved 4 | . . . . . 4 . Power 1 | . . . . . 1 . Propulsion . | . . . . . . . Utility 2 | . . . . . 2 . Weapon 1 | . . . . . 1 . Parts Attached 69 | 6 . 12 1 11 5 34 Power 14 | 1 . 4 . 3 . 6 Engine 11 | 1 . 4 . 3 . 3 Core 3 | . . . . . . 3 Reactor . | . . . . . . . Propulsion 12 | 2 . 1 . 3 1 5 Treads . | . . . . . . . Leg . | . . . . . . . Wheel 12 | 2 . 1 . 3 1 5 Hover . | . . . . . . . Flight . | . . . . . . . Utility 20 | 1 . 3 1 2 2 11 Device 9 | . . . . 1 1 7 Storage 7 | 1 . 3 1 . . 2 Processor 4 | . . . . 1 1 2 Hackware . | . . . . . . . Protection . | . . . . . . . Artifact . | . . . . . . . Weapon 23 | 2 . 4 . 3 2 12 Energy Gun 7 | 1 . . . 1 . 5 Energy Cannon . | . . . . . . . Ballistic Gun 10 | 1 . 3 . 1 2 3 Ballistic Cannon 2 | . . . . 1 . 1 Launcher 3 | . . 1 . . . 2 Special Weapon 1 | . . . . . . 1 Impact Weapon . | . . . . . . . Slashing Weapon . | . . . . . . . Piercing Weapon . | . . . . . . . Special Melee Weapon . | . . . . . . . Unidentified Prototypes 4 | . . . . . 2 2 Parts Lost 26 | . . 1 . 2 1 22 Power 5 | . . . . 1 . 4 Propulsion 3 | . . . . 1 . 2 Utility 5 | . . . . . . 5 Weapon 13 | . . 1 . . 1 11 Highest Loss Streak 8 | . . 1 . 1 1 8 Average Slot Usage (%) 96 | . 85 97 100 99 90 95 Engine 12 | . 14 14 14 14 9 10 Core 2 | . . . . . . 5 Wheel 22 | . 28 28 28 27 18 17 Device 11 | . . . . 8 18 18 Storage 15 | . 14 26 28 17 9 8 Processor 4 | . . . . 2 9 7 Energy Gun 5 | . 14 1 . 9 7 4 Ballistic Gun 11 | . 14 26 28 8 10 6 Ballistic Cannon 7 | . . . . 9 9 9 Launcher 2 | . . . . . . 4 Naked Turns . | . . . . . . . Heaviest Build 61 | 11 11 17 25 38 50 61 Greatest Support 28 | 20 20 20 20 20 22 28 Greatest Overweight (x) 3 | . . . 1 1 2 3 Average Overweight (x) . | . . . . 1 2 1 Largest Inventory Capacity 12 | 6 6 10 10 10 10 12 Average Capacity 9 | 5 6 7 8 10 10 10 Most Carried 12 | 2 4 8 8 10 9 12 Average Carried 7 | . 2 5 7 9 7 8 Final Capacity 12 | 6 6 8 10 10 10 12 Final Carried 9 | 2 4 8 8 9 8 4 Class Distribution -------------------- 34% | Scavenger-Skirmisher 26% | Mutant 21% | Scavenger-Mutant 8% | Commander-Skirmisher 8% | Skirmisher Dominant Class ---------------- Mutant | -10/Materials Mutant | -10/Mines Scavenger-Mutant | -10/Exiles Scavenger-Mutant | -9/Mines Skirmisher | -8/Materials Scavenger-Skirmisher | -8/Storage Resources | -11 -10 -10 -10 -9 -8 -8 ----------- Run | Scr Mat Min Exi Min Mat Sto Matter Collected 2132 | 191 . 276 . 287 57 1321 Remotely . | . . . . . . . Salvage Created 2162 | . . 356 . 251 5 1550 Parts 137 | . . 29 . 23 2 83 Haulers Intercepted 3 | . . . . . . 3 Recyclers Shooed 2 | . . 1 . . . 1 Parts Field Recycled . | . . . . . . . Retrieved Matter . | . . . . . . . Parts Self-Destructed . | . . . . . . . Prevented . | . . . . . . . Kills | -11 -10 -10 -10 -9 -8 -8 ------- Run | Scr Mat Min Exi Min Mat Sto Combat Hostiles Destroyed 48 | . . 11 . 10 . 27 Guns 25 | . . 9 . 8 . 8 Cannons 14 | . . . . 2 . 12 AOE 9 | . . 2 . . . 7 Classes Destroyed 12 | . . 5 . 1 . 6 Worker 11 | . . 1 . 2 . 8 Builder 3 | . . . . 2 . 1 Tunneler 3 | . . 1 . 1 1 . Hauler 3 | . . . . . . 3 Recycler 4 | . . 2 . . . 2 Operator 2 | . . . . . . 2 Watcher 2 | . . . . . . 2 Swarmer 22 | . . 9 . 10 . 3 Grunt 16 | . . 2 . . . 14 Brawler 2 | . . . . . . 2 Sentry 8 | . . . . . . 8 Hunter 3 | . . . . . . 3 Best Kill Streak 7 | . . 4 . 5 1 7 Combat Bots Only 4 | . . 3 . 4 . 4 Max Kills in Single Turn 4 | . . 2 . 2 1 4 Gunslinging 1 | . . 1 . 1 . . Exploded 2 | . . 1 . . . 2 Melee . | . . . . . . . Uniques/NPCs Destroyed . | . . . . . . . Combat | -11 -10 -10 -10 -9 -8 -8 -------- Run | Scr Mat Min Exi Min Mat Sto Damage Taken 3634 | . . 314 . 391 82 2847 Core 681 | . . 69 . 54 . 558 Absorbed by Shields . | . . . . . . . Core Remaining (%) 75 | 100 . . . 50 . . Volleys Fired 191 | . . 35 . 35 6 115 Largest 3 | . . 2 . 2 3 3 Hottest 177 | . . 60 . 103 131 177 Shots Fired 430 | . . 70 . 67 16 277 Gun 256 | . . 67 . 38 10 141 Cannon 143 | . . . . 29 6 108 Launcher 25 | . . 3 . . . 22 Special 6 | . . . . . . 6 Kinetic 301 | . . 62 . 41 11 187 Thermal 73 | . . 5 . . . 68 Explosive 25 | . . 3 . . . 22 Electromagnetic 31 | . . . . 26 5 . Robot Hit Streak 9 | . . 6 . 8 5 9 Robot Miss Streak 11 | . . 3 . 6 11 3 Penetration Max . | . . . . . . . Secondary Targets 4 | . . 3 . 1 . . Max Gunslinging Chain 1 | . . 1 . 1 . . Shots Hit Robots 239 | . . 44 . 36 8 151 Core Hits 136 | . . 25 . 17 2 92 Critical Hits . | . . . . . . . Critical Kills . | . . . . . . . Critical Parts Destroyed . | . . . . . . . Melee Attacks . | . . . . . . . Impact . | . . . . . . . Slashing . | . . . . . . . Piercing . | . . . . . . . Sneak Attacks . | . . . . . . . Combat Hostiles . | . . . . . . . Follow-up Attacks . | . . . . . . . Damage Inflicted 5470 | . . 453 . 751 133 4133 Guns 2124 | . . 337 . 392 103 1292 Cannons 1562 | . . . . 332 30 1200 Explosions 1765 | . . 116 . 27 . 1622 Melee . | . . . . . . . Ramming 19 | . . . . . . 19 Kinetic 2643 | . . 316 . 403 98 1826 Thermal 714 | . . 21 . 27 . 666 Explosive 1738 | . . 116 . . . 1622 Electromagnetic 356 | . . . . 321 35 . Impact . | . . . . . . . Slashing . | . . . . . . . Piercing . | . . . . . . . Highest Corruption 3 | . . . . . . 3 Average Corruption 2 | . . . . . . 2 Corruption Purged . | . . . . . . . Effects 28 | . . . . . . 28 Message Errors 9 | . . . . . . 9 Matter Fused 4 | . . . . . . 4 Heat Flow Errors 5 | . . . . . . 5 Energy Discharges 3 | . . . . . . 3 Data Loss (minor) 2 | . . . . . . 2 Targeting Errors 5 | . . . . . . 5 Overload Shots . | . . . . . . . Overflow Damage 108 | . . . . 7 . 101 Projectiles 27 | . . . . 7 . 20 Explosions 81 | . . . . . . 81 Melee . | . . . . . . . Knockbacks 17 | . . . . 5 . 12 Impact . | . . . . . . . Kinetic 17 | . . . . 5 . 12 Secondary . | . . . . . . . Self-Inflicted Damage 270 | . . . . . . 270 Shots 11 | . . . . . . 11 Rammed 3 | . . . . 1 . 2 Targets Rammed 3 | . . . . 1 . 2 Kicked . | . . . . . . . Crushed . | . . . . . . . Highest Temperature 508 | . . 40 . 409 213 508 Average Temperature 125 | . . 22 . 165 97 120 Received Heat Transfer 843 | . . 15 . . 27 801 Effects 14 | . . . . 5 . 9 Energy Bleed 3 | . . . . 1 . 2 Interference 2 | . . . . 1 . 1 Short Circuit 3 | . . . . 2 . 1 Damage (minor) 2 | . . . . 1 . 1 Damage (major) 4 | . . . . . . 4 Siege Activations . | . . . . . . . Robots Corrupted . | . . . . . . . Combat Hostiles . | . . . . . . . Parts Fried 1 | . . . . 1 . . Impact Corruptions . | . . . . . . . Robots Melted . | . . . . . . . Combat Hostiles . | . . . . . . . Parts Melted 2 | . . . . . . 2 Heat Transferred 1594 | . . 50 . . . 1544 Parts Sabotaged . | . . . . . . . Parts Stolen . | . . . . . . . Parts Stripped . | . . . . . . . Power Chain Reactions 1 | . . . . 1 . . Missiles Intercepted . | . . . . . . . Alert | -11 -10 -10 -10 -9 -8 -8 ------- Run | Scr Mat Min Exi Min Mat Sto Peak Influence 825 | . 15 227 . 140 42 825 Initial 17 | . . 17 . . 3 13 Average 229 | . . 122 . 24 19 364 Maximum Alert Level 3 | . . 1 . . . 3 Low Security (%) 56 | 100 100 78 . 100 100 28 Level 1 14 | . . 21 . . . 18 Level 2 28 | . . . . . . 51 Level 3 . | . . . . . . 1 Level 4 . | . . . . . . . Level 5 . | . . . . . . . High Security . | . . . . . . . Max Security . | . . . . . . . Squads Dispatched 13 | . . . . 1 1 11 Investigation 1 | . . . . 1 . . Extermination . | . . . . . . . Reinforcement 6 | . . . . . 1 5 Assault 3 | . . . . . . 3 Garrison 3 | . . . . . . 3 Intercept . | . . . . . . . Construction Impeded 2 | . . . . . . 2 Haulers Reinforced . | . . . . . . . Stealth | -11 -10 -10 -10 -9 -8 -8 --------- Run | Scr Mat Min Exi Min Mat Sto Distress Signals 6 | . . 1 . . 1 4 Communications Jammed . | . . . . . . . Distress Signals . | . . . . . . . Times Spotted 105 | . 3 11 . 12 6 73 Peak Tracking Total 10 | . 4 3 . 4 6 10 Tactical Retreats 9 | . 1 . . . . 8 Traps | -11 -10 -10 -10 -9 -8 -8 ------- Run | Scr Mat Min Exi Min Mat Sto Traps Triggered 1 | . . . . . . 1 Indirectly . | . . . . . . . Trap Hack Attempts . | . . . . . . . Triggered . | . . . . . . . Disarmed . | . . . . . . . Reprogrammed . | . . . . . . . Reused . | . . . . . . . Traps Extracted . | . . . . . . . Installed . | . . . . . . . Triggered . | . . . . . . . Machines | -11 -10 -10 -10 -9 -8 -8 ---------- Run | Scr Mat Min Exi Min Mat Sto Machines Disabled 7 | . . . . 1 . 6 Max in Single Turn 2 | . . . . 1 . 2 Machines Sabotaged . | . . . . . . . Garrisons Compromised . | . . . . . . . Overloaded Fab Kills . | . . . . . . . Fab Network Shutdowns . | . . . . . . . Hacking | -11 -10 -10 -10 -9 -8 -8 --------- Run | Scr Mat Min Exi Min Mat Sto Machines Accessed 11 | . . . . 1 . 10 Terminals 8 | . . . . . . 8 Fabricators . | . . . . . . . Repair Stations 2 | . . . . . . 2 Recycling Units . | . . . . . . . Scanalyzers . | . . . . . . . Garrison Access . | . . . . . . . Total Hacks 32 | . . . . 1 . 31 Successful 22 | . . . . 1 . 21 Failed 10 | . . . . . . 10 Catastrophic 3 | . . . . . . 3 Database Lockouts . | . . . . . . . Manual 7 | . . . 5 . . 2 Terminals 21 | . . . . . . 21 Fabricators . | . . . . . . . Repair Stations 10 | . . . . . . 10 Recycling Units . | . . . . . . . Scanalyzers . | . . . . . . . Garrison Access . | . . . . . . . Terminal Hacks 12 | . . . . 1 . 11 Part Schematic 1 | . . . . . . 1 Robot Analysis 1 | . . . . . . 1 Prototype ID Bank 2 | . . . . . . 2 Open Door 2 | . . . . 1 . 1 Branch Access Points 1 | . . . . . . 1 Alert Level 1 | . . . . . . 1 Unreport Threat 1 | . . . . . . 1 Locate Traps 1 | . . . . . . 1 Recall Reinforcements 1 | . . . . . . 1 Zone Layout 1 | . . . . . . 1 Fabricator Hacks . | . . . . . . . Repair Station Hacks 10 | . . . . . . 10 Scan Component 5 | . . . . . . 5 Repair 5 | . . . . . . 5 Recycling Unit Hacks . | . . . . . . . Scanalyzer . | . . . . . . . Garrison Access Hacks . | . . . . . . . Unauthorized Hacks . | . . . . . . . Terminals . | . . . . . . . Fabricators . | . . . . . . . Repair Stations . | . . . . . . . Recycling Units . | . . . . . . . Scanalyzers . | . . . . . . . Garrison Access . | . . . . . . . Data Cores Recovered . | . . . . . . . Used . | . . . . . . . Hacking Detections 10 | . . . . . . 10 Full Trace Events 1 | . . . . . . 1 Feedback Events . | . . . . . . . Feedback Blocked . | . . . . . . . Robot Schematics Acquired . | . . . . . . . Robots Built . | . . . . . . . Matter . | . . . . . . . Time . | . . . . . . . Total Robot Build Rating . | . . . . . . . Part Schematics Acquired 1 | . . . . . . 1 Parts Built . | . . . . . . . Matter . | . . . . . . . Time . | . . . . . . . Total Part Build Rating . | . . . . . . . Parts Repaired 5 | . . . . . . 5 Time 136 | . . . . . . 136 Parts Recycled . | . . . . . . . Recycled Matter . | . . . . . . . Retrieved Matter . | . . . . . . . Retrieved Components . | . . . . . . . Parts Scanalyzed . | . . . . . . . Part Schematics Acquired . | . . . . . . . Parts Damaged . | . . . . . . . Bothacking | -11 -10 -10 -10 -9 -8 -8 ------------ Run | Scr Mat Min Exi Min Mat Sto Used RIF Installer . | . . . . . . . Robots Hacked . | . . . . . . . Non-combat . | . . . . . . . Combat . | . . . . . . . Robot Hacks Applied . | . . . . . . . Relay Couplers Released . | . . . . . . . Robots Rewired . | . . . . . . . Allies Hacked . | . . . . . . . Hacks Repelled . | . . . . . . . Allies | -11 -10 -10 -10 -9 -8 -8 -------- Run | Scr Mat Min Exi Min Mat Sto Total Allies 10 | . . . . . . 10 Largest Group 10 | . . . . . . 10 Highest-Rated Group 173 | . . . . . . 173 Highest-Rated Ally 29 | . . . . . . 29 Total Orders . | . . . . . . . Ally Attacks 57 | . . . . . . 57 Total Damage 799 | . . . . . . 799 Kills 8 | . . . . . . 8 Allies Corrupted . | . . . . . . . Allies Melted . | . . . . . . . Intel | -11 -10 -10 -10 -9 -8 -8 ------- Run | Scr Mat Min Exi Min Mat Sto Robot Analysis Total 1 | . . . . . . 1 Derelict Logs Recovered 4 | . . 3 . 1 . . Drone Launches 4 | . . . . . . 4 Drone Recoveries 2 | . . . . . . 2 Exploration | -11 -10 -10 -10 -9 -8 -8 ------------- Run | Scr Mat Min Exi Min Mat Sto Turns Passed 4684 | 37 89 862 262 939 70 2425 Spaces Moved 3918 | 33 109 916 318 869 42 1631 Core 1 | 1 . . . . . . Treads . | . . . . . . . Legs . | . . . . . . . Wheels 3917 | 32 109 916 318 869 42 1631 Hover . | . . . . . . . Flight . | . . . . . . . Fastest Speed 50 | 50 80 80 80 90 100 95 Average Speed 92 | 79 80 80 80 90 103 103 Slowest Speed 120 | 80 80 80 90 90 105 120 Overloaded Moves . | . . . . . . . Propulsion Burnouts . | . . . . . . . Robots Hopped . | . . . . . . . Cave-ins Triggered 1 | . . . . . . 1 Exploration Rate (%) 55 | 3 22 99 69 99 8 90 Regions Visited 6 Branch Regions 4 Pre-discovered Areas 1 | . . 1 . . . . Known Exits Taken 1 | . . . . 1 . . Unknown Exits Taken 5 | 1 1 1 1 . 1 . Scrap Searched 2 | . . 1 . 1 . . Spaces Dug 19 | . . . . . . 19 Terrain Destroyed 183 | . . 9 . 16 5 153 Melee . | . . . . . . . Projectile 39 | . . . . 12 5 22 AOE 144 | . . 9 . 4 . 131 Terrain Rammed . | . . . . . . . Walls Destroyed . | . . . . . . . Machines Disabled . | . . . . . . . Actions | -11 -10 -10 -10 -9 -8 -8 --------- Run | Scr Mat Min Exi Min Mat Sto Total 4599 | 40 110 987 323 962 56 2121 Wait 332 | . . 9 2 33 . 288 Move 3912 | 32 108 915 317 868 41 1631 Hop . | . . . . . . . Pick Up 53 | 2 2 7 1 6 3 32 Fast Attach 15 | 6 . 2 . 1 . 6 Attach 35 | . . 2 . 5 4 24 Detach 2 | . . . . . . 2 Swap 19 | . . 8 1 5 1 4 Drop 36 | . . 9 2 8 1 16 Fire 191 | . . 35 . 35 6 115 Melee . | . . . . . . . Ram 3 | . . . . 1 . 2 Kick . | . . . . . . . Crush . | . . . . . . . Escape Stasis . | . . . . . . . Rewire 1 | . . . . . . 1 Trap . | . . . . . . . Miscellaneous . | . . . . . . . Route ------- -11/Scrapyard -10/Materials -10/Mines (discovered 3 exits: [*Mat x2] / *Exi) -10/Exiles (discovered 2 exits: *Min x2) -9/Mines (discovered 2 exits: *Mat x2) -8/Materials -8/Storage (discovered 1 exit: Rec) History --------- Turn | Location | Event 11 | -11/Scrapyard | Discovered new exit (range 16) 38 | -11/Scrapyard | Entered Materials 81 | -10/Materials | Discovered new exit (range 12) 127 | -10/Materials | Entered Mines 160 | -10/Mines | Learned Materials security intel 318 | -10/Mines | Build established: Mutant 346 | -10/Mines | Discovered new exit (range 9) 372 | -10/Mines | Deemed a non-threat by the Exiles lab entrance 373 | -10/Mines | Discovered new exit (range 5) 430 | -10/Mines | Learned Materials security intel 598 | -10/Mines | Joined a pair of Derelicts in attacking an 0b10 outpost 799 | -10/Mines | Discovered new exit (range 4) 989 | -10/Mines | Entered Exiles 1002 | -10/Exiles | Discovered new exit (range 15) 1031 | -10/Exiles | Met 8R-AWN 1034 | -10/Exiles | Build established: Scavenger-Mutant 1044 | -10/Exiles | Met EX-HEX 1072 | -10/Exiles | Met EX-BIN 1082 | -10/Exiles | Aligned with FarCom system 1083 | -10/Exiles | Given EX-Vault access code 1126 | -10/Exiles | Opened EX-Vault 1138 | -10/Exiles | Found Prototype Device 1155 | -10/Exiles | Warned to stay clear of 0b10 Research branches 1160 | -10/Exiles | Exiles lab attacked by MAIN.C 1243 | -10/Exiles | Discovered new exit (range 11) 1251 | -10/Exiles | Left Exiles lab with Cloak of Protection 1251 | -10/Exiles | Entered Mines 1262 | -9/Mines | Identified exit to Materials 1308 | -9/Mines | Met a Derelict bent on vengeance 1522 | -9/Mines | Met a Derelict shopkeep closing up shop 1811 | -9/Mines | Discovered exit to Materials (range 11) 2190 | -9/Mines | Entered Materials 2190 | -8/Materials | Evolved 4 slots: Power x1, Utility x2, Weapon x1 2192 | -8/Materials | Identified Cloak of Protection 2217 | -8/Materials | Discovered new exit (range 14) 2260 | -8/Materials | Entered Storage 2333 | -8/Storage | Identified exit to Recycling 2429 | -8/Storage | Crushed by falling debris 2851 | -8/Storage | Build established: Scavenger-Skirmisher 3065 | -8/Storage | Assisted by bots powering up and referring to "LRC-V3" 3365 | -8/Storage | Build established: Commander-Skirmisher 3603 | -8/Storage | Repaired Wheel 3793 | -8/Storage | Build established: Scavenger-Skirmisher 3860 | -8/Storage | First assault squad dispatched 3912 | -8/Storage | Core integrity fell below 50% 3969 | -8/Storage | Repaired Hcp. Storage Unit 4066 | -8/Storage | Repaired ECM Suite 4195 | -8/Storage | Garrison activated, responded to threat 4272 | -8/Storage | Lost 7 parts (2p1n1u3w) 4438 | -8/Storage | Repaired Com. Wheel 4471 | -8/Storage | Repaired Arm. Wheel 4524 | -8/Storage | Build established: Mutant 4678 | -8/Storage | Core integrity fell below 20% 4685 | -8/Storage | Destroyed by G-47 Trooper with Particle Gun Last Messages --------------- G-47 Trooper unfolds itself. I-25 Savior unfolds itself. K-01 Serf collects debris. The unstable cave ceiling collapses. Imp. Medium Laser destroyed. K-01 Serf collects debris. The unstable cave ceiling collapses. U-05 Engineer builds a Wall. Particle Gun destroyed. K-01 Serf collects debris. The unstable cave ceiling collapses. Com. Wheel destroyed. K-01 Serf collects debris. ECM Suite destroyed. Overheating: Targeting Computer damaged (-3). Overheating: Hcp. Storage Unit damaged (-184). Overheating: Hvy. Ion Engine damaged (-26). Overheating: Adv. Signal Interpreter damaged (-11). U-05 Engineer lays Concrete. U-05 Engineer builds a Wall. Map ----- +----------------------------------------------------+ | | | | | | | | | | | | | | | | | | | | | | | | | | | | | | | ?????????????????###### # ###??####??????????? | | ?????????????????#Y #? #?????????? | | ????????????????## #""" #??????#?## | | ?????????????????# % " " #????????# | | ?????????????????## # ##########! | | ????????????????## ## + | | ???????????????## k ## # | | ?????????####### # # # ##### """ # | | ???? g l = * a% u """ + | | ???? % g g = ## ^""" ## | | ???? " i g g%= @ # ^ """ #? | | ?????############ Y /g######+#### #%* """ ## | | ??????????????# "%*%= # ##+# ## | | ? ????????????# ! = # #= = ^ | | ??????????????# !/ ## # / # | | ?????????????# ! ## # # | | ?????????????## ## # # | | ??????????????# " " ## # + | | ?????#####????# "G" ## # ## ## ##### | | ???#?#"""###### """ ## # # ### #???# | | ?????#"R"## ###??? ## #### ###% ##??# | | ?#####" "### #################+########### ##### | | ## ## ###### % + | | # ## """ """ #??#?# % # | | # ## """ """ #?##?# % # | | # """ """ # """ """ #????# " | | # """ """ ## #???## #" ####### | | # """ """ ## i###### %% #"T##??#?# | | # ## + ########?# | | ###+########## ###### ##+##### # #?? | | # ##########+#### # ## # """" #?? | | # #?#?# # ## + """" ### | | # #?### # ## # """" #?? | | # #???# # ## # """" #?? | | # #???###T####### # ## # #?? | +----------------------------------------------------+ Best States ------------- Heat Dissipation 31 Energy Generation 25 Energy Capacity 455 Matter Stores 500 Matter Capacity 500 Sight Range 16 Terrain Scan Range 16 Terrain Scan Density 60 ECM Strength 1 Cloak Strength 5 Thermal Conversion 30 Evasion (%) 44 Targeting Accuracy 5 Item Schematics ----------------- Proton Missile Launcher | -8/Storage | Hacked Robot Schematics ------------------ None Fabricated ------------ Nothing Alien Tech Used ----------------- None Achievements -------------- None Challenges ------------ None Game ------ Seed SmartbombGuidanceProtection Manual? 0 Play Time 01:05:28 Cumulative 48.2 hours Start 2022.03.10 @ 01:32:03 End 2022.03.10 @ 02:41:05 Sessions 1 Manual Loads 0 Difficulty Rogue Special Mode None Game No. 35 Rogue 25 Adventurer 0 Explorer 10 Win Type - Total 0 Types 0/0/0/0/0/0/0/0/0 Lore% 37 Gallery% 39 Achievement% 26 Wizard Run 0 Options --------- ASCII 0 Keyboard 0 Movement Numpad Keybinds 0 Fullscreen 1 Font 18/SmallcapsGlow Map View 76x50 Tactical HUD 0 Map Filters NONE Filters NONE Steam 1 RUN: c58d2dcd-6f37-47ea-a21e-b39d9f5336f1